 Dungeon Crawl Stone Soup version 0.27.0-1-g7a089689b8 (webtiles) character file.

Game seed: 5603853438677078036

83589 Feb132020 the Eclecticist (level 15, -6/68 HPs)
             Began as a Spriggan Venom Mage on Aug 2, 2021.
             Was an Initiate of Gozag.
             Killed from afar by a deep elf sorcerer (44 damage)
             ... with damnation
             ... on level 1 of the Elven Halls on Aug 3, 2021.
             The game lasted 03:12:30 (29688 turns).

Feb132020 the Eclecticist (Spriggan Venom Mage)    Turns: 29688, Time: 03:12:31

Health: -6/68      AC:  7    Str: 14    XL:     15   Next: 32%
Magic:  43/48      EV: 28    Int: 19    God:    Gozag
Gold:   1797       SH:  6    Dex: 22    Spells: 22/52 levels left

rFire    + + .     SeeInvis +   k - +9 dagger (freeze)
rCold    + . .     Faith    .   e - +0 buckler
rNeg     . . .     Spirit   .   X - +2 robe "Zesatua" {rC+ Regen+ MP+9}
rPois    +         Reflect  .   Q - +2 hat {SInv}
rElec    +         Harm     .   w - +2 cloak
rCorr    .         Rampage  .   (gloves unavailable)
Will     ++...                  (boots unavailable)
Stlth    ++++++....             G - amulet "Itivoenu" {RegenMP rF+}
HPRegen  1.21/turn              g - ring of Wishful Thinking {rElec rPois rF+ Str+4}
MPRegen  0.56/turn              O - ring of Gaalur {EV+4 Str+6 Dex+2}

@: corroded, unable to read, gold aura, very quick
A: very small, no large weapons, unfitting armour, see invisible, speed 3,
iridescent scales 1, sense surroundings 1, inability to read while threatened
a: Renounce Religion, Potion Petition, Call Merchant, Bribe Branch


You were on level 1 of the Elven Halls.
You worshipped Gozag.
Gozag was most pleased with you.
You visited 4 branches of the dungeon, and saw 19 of its levels.
You also visited: Sewer and Gauntlet.

You collected 8862 gold pieces.
You spent 3948 gold pieces at shops.
You paid 3117 gold pieces to Gozag.

Inventory:

Hand Weapons
 k - a +9 dagger of freezing (weapon)
Missiles
 m - 608 stones
Armour
 e - a +0 buckler (worn)
 u - the +2 robe of Xevumioph {rN+ Dex+5}
   (You bought it in a shop on level 1 of the Orcish Mines)

   Dex:       It affects your dexterity (+5).
   rN:        It protects you from negative energy.
 w - a +2 cloak (worn)
 H - the +0 robe of Gehenna {*Slow rF+ Will+ MP+9}
   (You bought it in a shop on level 1 of the Orcish Mines)

   rF:        It protects you from fire.
   MP:        It affects your magic capacity (+9).
   *Slow:     It may slow you when you take damage.
   Will:      It increases your willpower.
 M - a +0 cloak of stealth
 Q - a +2 hat of see invisible (worn)
 R - a +2 robe of willpower
 W - a scarf of shadows
 X - the +2 robe "Zesatua" (worn) {rC+ Regen+ MP+9}
   (You found it on level 6 of the Lair of Beasts)

   rC:        It protects you from cold.
   MP:        It affects your magic capacity (+9).
   Regen:     It increases your rate of health regeneration.
Magical Staves
 l - a staff of cold
 o - a staff of earth
 t - a staff of fire
Jewellery
 a - the ring "Piefreap" {Fly rElec rC+ rN+ Str+3}
   (You bought it in a shop on level 6 of the Lair of Beasts)

   [ring of flight]

   Str:       It affects your strength (+3).
   rC:        It protects you from cold.
   rElec:     It insulates you from electricity.
   rN:        It protects you from negative energy.
   Fly:       It grants you flight.
 g - the ring of Wishful Thinking (left hand) {rElec rPois rF+ Str+4}
   (You bought it in a shop on level 6 of the Lair of Beasts)

   [ring of protection from fire]

   Str:       It affects your strength (+4).
   rF:        It protects you from fire.
   rElec:     It insulates you from electricity.
   rPois:     It protects you from poison.
 i - a +6 ring of intelligence
 n - a +6 ring of intelligence
 s - a +4 ring of evasion
 C - an amulet of regeneration
 F - an amulet of reflection
 G - the amulet "Itivoenu" (around neck) {RegenMP rF+}
   (You acquired it on level 3 of the Lair of Beasts)

   [amulet of magic regeneration]

   It increases your rate of magic regeneration.
   rF:        It protects you from fire.
 I - the ring "Quvy" {Fire rElec rN+ Dex+4}
   (You bought it in a shop on level 3 of the Lair of Beasts)

   [ring of fire]

   It enhances your fire magic.
   Dex:       It affects your dexterity (+4).
   rF:        It protects you from fire.
   rC:        It makes you vulnerable to cold.
   rElec:     It insulates you from electricity.
   rN:        It protects you from negative energy.
 J - an amulet of the acrobat
 O - the ring of Gaalur (right hand) {EV+4 Str+6 Dex+2}
   (You found it in a Gauntlet)

   [ring of evasion]

   EV:        It affects your evasion (+4).
   Str:       It affects your strength (+6).
   Dex:       It affects your dexterity (+2).
 P - the ring of Ascent {rC+ rCorr}
   (You took it off a minotaur in a Gauntlet)

   [ring of resist corrosion]

   rC:        It protects you from cold.
   rCorr:     It protects you from acid and corrosion.
 T - the ring of the Priest {rCorr Str+4 Dex+3 Stlth-}
   (You found it in a Gauntlet)

   [ring of resist corrosion]

   Str:       It affects your strength (+4).
   Dex:       It affects your dexterity (+3).
   rCorr:     It protects you from acid and corrosion.
   Stlth:     It makes you less stealthy.
Wands
 q - a wand of iceblast (45)
 x - a wand of digging (2)
 y - a wand of acid (5)
 S - a wand of flame (18)
Scrolls
 r - 2 scrolls of magic mapping
 z - 2 scrolls of fog
 A - 7 scrolls of teleportation
 D - 2 scrolls of fear
 K - 3 scrolls of enchant weapon
 N - 4 scrolls of blinking
Potions
 b - 3 potions of flight
 d - 4 potions of might
 f - 3 potions of attraction
 h - 5 potions of heal wounds
 j - 3 potions of brilliance
 p - 3 potions of lignification
 B - a potion of mutation
 E - a potion of haste
 L - a potion of magic
 Y - 2 potions of invisibility
 Z - a potion of cancellation
Miscellaneous
 c - a tin of tremorstones (2/2)
 U - a condenser vane
 V - a phantom mirror


   Skills:
 - Level 3.0 Fighting
 + Level 10.0 Short Blades
 + Level 9.0 Dodging
 + Level 13.0 Stealth
 + Level 0.3 Shields
 + Level 19.0 Spellcasting
 - Level 2.0 Conjurations
 * Level 16.1 Transmutations
 - Level 1.0 Fire Magic
 + Level 6.4 Air Magic
 - Level 1.0 Earth Magic
 + Level 7.2 Poison Magic


You had 22 spell levels left.
You knew the following spells:

 Your Spells              Type           Power      Damage    Failure   Level
a - Sting                 Tmut/Pois      100%       1d8       1%          1
b - Poisonous Vapours     Pois/Air       88%        N/A       1%          2
c - Mephitic Cloud        Conj/Pois/Air  38%        N/A       1%          3
d - Magic Dart            Conj           100%       1d8       1%          1
e - Sandblast             Erth           42%        2d11      3%          1
f - Alistair's Intoxicat  Tmut/Pois      38%        N/A       1%          5
g - Corpse Rot            Necr/Air       N/A        N/A       1%          2
h - Eringya's Noxious Bo  Tmut/Pois      29%        N/A       6%          6
i - Ignite Poison         Fire/Tmut/Pois 48%        N/A       1%          3
o - Olgreb's Toxic Radia  Pois           45%        N/A       2%          4
p - Passwall              Tmut/Erth      41%        N/A       1%          2

Your spell library contained the following spells:

 Spells                   Type           Power      Damage    Failure   Level
 Spider Form              Tmut/Pois      29%        N/A       1%          3
 Searing Ray              Conj           50%        3d5       3%          2
 Animate Skeleton         Necr           36%        N/A       4%          1
 Pain                     Necr           72%        1d7       4%          1
 Ensorcelled Hibernation  Hex/Ice        36%        N/A       7%          2
 Dazzling Flash           Conj/Hex       42%        N/A       10%         3
 Summon Lightning Spire   Summ/Air       30%        N/A       13%         4
 Call Canine Familiar     Summ           18%        N/A       14%         3
 Portal Projectile        Hex/Tloc       36%        N/A       14%         3
 Vampiric Draining        Necr           9%         2d7       14%         3
 Animate Armour           Summ/Erth      38%        N/A       36%         4
 Leda's Liquefaction      Hex/Erth       9%         N/A       36%         4
 Animate Dead             Necr           9%         N/A       43%         4
 Dispel Undead            Necr           18%        3d11      43%         4
 Fireball                 Conj/Fire      11%        3d7       56%         5
 Bolt of Magma            Conj/Fire/Erth 11%        4d7       58%         5
 Lee's Rapid Deconstruct  Erth           10%        3d9*      65%         5
 Borgnjor's Vile Clutch   Necr/Erth      9%         N/A       71%         5
 Agony                    Necr           18%        N/A       78%         5
 Excruciating Wounds      Necr           9%         N/A       78%         5
 Starburst                Conj/Fire      11%        8x6d5     98%         6
 Death Channel            Necr           9%         N/A       100%        6
 Shadow Creatures         Summ           N/A        N/A       100%        6
 Ignition                 Fire           10%        3d5       100%        8
 Necromutation            Tmut/Necr      24%        N/A       100%        8


Dungeon Overview and Level Annotations

Branches:
Dungeon (10/15)            Temple (0/1) D:5            Lair (6/6) D:8
 Shoals (0/4) Lair:3        Snake (0/4) Lair:3        Slime (0/5) Lair:6
    Orc (2/2) D:10            Elf (1/3) Orc:2         Sewer (visited)
Gauntlet (visited)

Altars:
Elyvilon
Fedhas
Gozag
Okawaru
Qazlal
Sif Muna
Trog
Uskayaw
Vehumet
Wu Jian
Xom
Beogh
Jiyva
Lugonu

Shops:
D:3 (   D:6 ?![[   Orc:1 [[*?   Orc:2 =([?   Lair:1 =   Lair:3 =   Lair:6 =

Portals:
Abyss: Lair:2

Annotations:
D:4 1 exclusion, Menkaure
D:5 2 transporters, Fv001's ghost, novice DsVM
D:7 2 transporters, Laiska's ghost, novice GrEE


Innate Abilities, Weirdness & Mutations

You are very small and have problems with some larger weapons.
You are too small for most types of armour.
You have supernaturally acute eyesight. (SInv)
You cover ground extremely quickly. (Speed+++)
You are partially covered in iridescent scales. (AC +2)
You passively map a small area around you.
You sometimes lose the ability to read scrolls when taking damage.


Message History

You hear a shout! x2
The deep elf sorcerer gestures wildly while chanting.
The deep elf sorcerer seems to speed up.
A deep elf archer comes into view. It is wielding a +0 short sword.
The deep elf archer looks even sicker.
The deep elf sorcerer looks even sicker.
The deep elf archer shouts!
Found 19 gold pieces.
A deep elf death mage comes into view. It is wielding a +0 long sword.
Your toxic aura wanes.
Unknown command.
You strike the helpless air elemental from behind!
You perforate the air elemental like a sieve!!!
You freeze the air elemental!
You destroy the air elemental!
You now have 1797 gold pieces (gained 21).
The deep elf death mage shouts!
The deep elf archer is distracted by your dazzling golden aura.
Casting: Olgreb's Toxic Radiance (dangerous; 2% risk of failure)
Confirm with . or Enter, or press ? or * to list all spells.
You ignite the poison in your surroundings!
The deep elf sorcerer seems to burn from within!!
The deep elf sorcerer is severely wounded.
The deep elf sorcerer points at you and mumbles some strange words.
You resist with almost no effort.
Casting: Ignite Poison (safe; 1% risk of failure)
Confirm with . or Enter, or press ? or * to list all spells.
You begin to radiate toxic energy.
The deep elf archer is poisoned.
The deep elf sorcerer is poisoned.
The deep elf archer looks even sicker.
The deep elf sorcerer gestures at you while chanting.
The bolt of acid hits you! The acid corrodes you!
You are splashed with acid!!
You feel threatened and lose the ability to read scrolls!
You hear a shout!
The deep elf death mage is poisoned.
Your toxic aura wanes.
The deep elf sorcerer casts a spell at you.
The sphere of damnation explodes!
The damnation engulfs you!!!
Ouch! That really hurt!
You die...
Your body crumbles into a pile of gold.

#........# *,, #.#.....e# * ###
#.#e##...##,, #.## ####.#e##....+
...############.....e......#,
....##.........e##.#.#....## , ,
.....#.##.......##.#......#
............###.##........# , ,*
.....#.....#* ##@######.### ,
....##....# ##.## #.# #####
...#####.## ##.# #.# #....
#.....##.# #.# ##'## #.###
#.....##.## ##.###...## #.##.
.......##.## ##.###.....###.##.
.......###.## ##.###.......##.##.
.......####.###.###.........#.##.
......)...........'.........)....


You could see a deep elf sorcerer (fast, poisoned).

Vanquished Creatures
  An orc warlord (Orc:2)
  A dire elephant (Lair:3)
  A minotaur (Gauntlet)
  An ettin (Orc:1)
  Josephine (D:10)
  Harold (D:7)
  A boulder beetle (Lair:3)
  12 hydras
  2 two-headed ogres
  4 death yaks (Lair:6)
  Urug (Orc:2)
  A tengu warrior (D:10)
  3 orc high priests
  Sonja (Orc:2)
  2 glowing orange brains (Gauntlet)
  2 deep elf archers (Elf:1)
  3 deep elf pyromancers (Elf:1)
  3 orc knights (Orc:2)
  2 ugly things (Gauntlet)
  4 deep elf zephyrmancers (Elf:1)
  A cyclops (Orc:2)
  34 elephants
  4 black mambas
  10 cane toads
  2 torpor snails (Lair:5)
  Psyche (D:8)
  2 rime drakes
  8 komodo dragons
  A queen bee (Gauntlet)
  4 trolls
  10 polar bears
  5 hornets (Lair:6)
  Prince Ribbit (D:6)
  4 dream sheep
  23 blink frogs
  17 spriggans
  7 wraiths (D:10)
  45 yaks
  A shadow (D:10)
  A water elemental (Elf:1)
  An air elemental (Elf:1)
  2 basilisks
  4 wyverns
  A steam dragon (D:8)
  Edmund (D:5)
  9 wargs
  18 water moccasins
  Duvessa (D:5)
  A sky beast (D:7)
  6 black bears
  2 necrophages
  5 ogres
  42 orc warriors
  3 boggarts (Lair:6)
  24 wolves
  A phantom (D:6)
  2 kobold brigands (D:9)
  Blork the orc (D:4)
  17 bullfrogs
  2 scorpions
  Dowan (D:5)
  A water moccasin skeleton (D:6)
  4 killer bees (Gauntlet)
  3 howler monkeys (D:10)
  3 centaur zombies
  A bullfrog zombie (D:6)
  7 jellies
  A bullfrog skeleton (D:5)
  A hound (D:7)
  2 centaur skeletons
  20 orc priests
  Crazy Yiuf (D:7)
  An iguana (D:5)
  17 orc wizards
  18 hell rats
  Robin (D:3)
  A howler monkey skeleton (D:4)
  10 adders
  2 white imps (D:5)
  An adder skeleton (D:4)
  2 worms (D:2)
  2 dart slugs (D:3)
  79 orcs
  13 ball pythons
  24 endoplasms
  15 giant cockroaches
  15 goblins
  6 hobgoblins
  6 jackals
  17 quokkas
  8 bats
  15 frilled lizards
  12 kobolds
  3 rats
  A bush (Lair:3)
685 creatures vanquished.

Vanquished Creatures (others)
  A dancing weapon (Elf:1)
  A cane toad (Lair:6)
  117 fungi
  A lurking horror (Lair:2)
  105 plants
225 creatures vanquished.

Grand Total: 910 creatures vanquished

Notes
Turn   | Place    | Note
-------+----------+-------------------------------------------
     0 | D:1      | Feb132020 the Spriggan Venom Mage began the quest for the
                  | Orb.
     0 | D:1      | Reached XP level 1. HP: 9/9 MP: 5/5
   478 | D:1      | Reached XP level 2. HP: 13/13 MP: 3/6
   483 | D:1      | Learned a level 2 spell: Poisonous Vapours
   695 | D:1      | Reached skill level 3 in Spellcasting
  1494 | D:2      | Found a faded altar of an unknown god.
  1731 | D:2      | Reached XP level 3. HP: 16/16 MP: 4/8
  1740 | D:2      | Learned a level 3 spell: Mephitic Cloud
  1816 | D:2      | Found a shimmering altar of Xom.
  3113 | D:3      | Found Alier's Antique Weapon Shoppe.
  3273 | D:3      | Reached XP level 4. HP: 18/21 MP: 3/10
  3558 | D:3      | Noticed Robin
  3613 | D:3      | Killed Robin
  3614 | D:3      | Reached skill level 4 in Spellcasting
  4016 | D:4      | Noticed Blork the orc
  4103 | D:4      | Found a shimmering altar of Xom.
  4105 | D:4      | Found a blossoming altar of Fedhas.
  4106 | D:4      | Found an opulent altar of Gozag.
  4107 | D:4      | Found a radiant altar of Vehumet.
  4107 | D:4      | Found a hide-covered altar of Uskayaw.
  4117 | D:4      | Became a worshipper of Gozag Ym Sagoz the Greedy
  4125 | D:4      | Found a glowing drain.
  4324 | D:4      | Reached skill level 1 in Short Blades
  4324 | D:4      | Reached XP level 5. HP: 22/24 MP: 12/12
  4413 | Sewer    | Entered a sewer
  4839 | Sewer    | Reached skill level 1 in Air Magic
  5090 | Sewer    | Learned a level 2 spell: Passwall
  6025 | Sewer    | Reached XP level 6. HP: 29/29 MP: 3/14
  6182 | Sewer    | Reached skill level 5 in Spellcasting
  6369 | D:3      | Bought a runed short sword for 180 gold pieces
  6369 | D:3      | Bought a glowing dagger for 150 gold pieces
  6774 | D:4      | Found an ornate altar of the Wu Jian Council.
  6863 | D:4      | Noticed Menkaure
  7079 | D:5      | Entered Level 5 of the Dungeon
  7149 | D:5      | Noticed Duvessa
  7151 | D:5      | Noticed Dowan
  7159 | D:5      | Killed Duvessa
  7160 | D:5      | Reached skill level 1 in Earth Magic
  7162 | D:5      | Killed Dowan
  7163 | D:5      | Reached XP level 7. HP: 32/32 MP: 2/15
  7363 | D:5      | Found a staircase to the Ecumenical Temple.
  7415 | D:5      | Found a transporter.
  7415 | D:5      | Noticed Fv001's ghost (novice DsVM)
  7507 | D:5      | Found a transporter.
  7599 | D:5      | Noticed Edmund
  7630 | D:4      | Learned a level 1 spell: Sandblast
  7799 | D:4      | Killed Blork the orc
  8720 | D:5      | Reached skill level 1 in Fighting
  8747 | D:5      | Reached skill level 5 in Stealth
  8871 | D:5      | Reached skill level 5 in Transmutations
  9106 | D:5      | Killed Edmund
  9107 | D:5      | Reached skill level 6 in Spellcasting
  9107 | D:5      | Reached XP level 8. HP: 37/37 MP: 8/18
  9204 | D:6      | Reached skill level 5 in Poison Magic
  9373 | D:6      | Identified the +2 glaive "Bezask Zuar" {holy, rC- MP+9
                  | Str+3}
  9540 | D:6      | Learned a level 3 spell: Ignite Poison
  9653 | D:6      | Found Xastrefa's Distillery.
  9653 | D:6      | Found Apnecovo's Magic Scroll Shoppe.
  9658 | D:6      | Found Gorredar's Antique Armour Shoppe.
  9659 | D:6      | Found Luschyseic's Antique Armour Shoppe.
  9742 | D:6      | Bought 2 scrolls of identify for 48 gold pieces
  9748 | D:6      | Bought a potion of mutation for 104 gold pieces
  9748 | D:6      | Gained mutation: You sometimes lose the ability to read
                  | scrolls when taking damage. [potion of mutation]
  9748 | D:6      | Gained mutation: You are weak. (Str -2) [potion of
                  | mutation]
  9748 | D:6      | Gained mutation: Your flesh is heat resistant. (rF+)
                  | [potion of mutation]
  9749 | D:6      | Bought a potion of mutation for 104 gold pieces
  9749 | D:6      | Lost mutation: Your flesh is heat resistant. (rF+) [potion
                  | of mutation]
  9749 | D:6      | Lost mutation: You are weak. (Str -2) [potion of mutation]
  9749 | D:6      | Gained mutation: You passively map a small area around you.
                  | [potion of mutation]
  9749 | D:6      | Gained mutation: You are partially covered in iridescent
                  | scales. (AC +2) [potion of mutation]
  9764 | D:6      | Bought a runed scarf for 184 gold pieces
  9911 | D:6      | Reached skill level 1 in Fire Magic
 10163 | D:6      | Reached skill level 7 in Spellcasting
 10300 | D:7      | Noticed Prince Ribbit
 10329 | D:6      | Killed Prince Ribbit
 10330 | D:6      | Reached XP level 9. HP: 41/41 MP: 11/21
 10407 | D:7      | Noticed Harold
 10408 | D:7      | Noticed Laiska's ghost (novice GrEE)
 10421 | D:7      | Identified the +9 dire flail of Inflation {spect, Dex+3}
 10421 | D:7      | Identified the +7 great mace of Karma {flame, Str+2}
 10421 | D:7      | Noticed a two-headed ogre
 10427 | D:7      | Killed Harold
 10428 | D:7      | Reached skill level 8 in Spellcasting
 10830 | D:7      | Found a runed translucent door.
 10831 | D:7      | Noticed Crazy Yiuf
 10849 | D:7      | Killed Crazy Yiuf
 10934 | D:7      | Found a bloodstained altar of Trog.
 11021 | D:7      | Reached skill level 9 in Spellcasting
 11136 | D:7      | Found a stormy altar of Qazlal.
 11142 | D:7      | Identified the +9 trident of the Ring {protect, rN+ Will+
                  | Str-5}
 11273 | D:7      | Found a transporter.
 11281 | D:7      | Found a transporter.
 11787 | D:8      | Got the Catalogue of Confrontation
 11792 | D:8      | Found a staircase to the Lair.
 12072 | D:8      | Reached skill level 5 in Short Blades
 12072 | D:8      | Reached skill level 5 in Dodging
 12101 | D:8      | Noticed Psyche
 12125 | D:8      | Killed Psyche
 12126 | D:8      | Reached XP level 10. HP: 45/46 MP: 20/24
 12764 | Lair:1   | Entered Level 1 of the Lair of Beasts
 12921 | Lair:1   | Noticed a black mamba
 12960 | Lair:1   | Killed a black mamba
 13021 | Lair:1   | Reached skill level 10 in Spellcasting
 13420 | Lair:1   | Reached skill level 10 in Transmutations
 13852 | Lair:1   | Noticed a cane toad
 14030 | Lair:1   | Killed a cane toad
 14083 | Lair:2   | Found a one-way gate to the infinite horrors of the Abyss.
 14088 | Lair:2   | Found a corrupted altar of Lugonu.
 14156 | Lair:2   | Noticed a cane toad
 14168 | Lair:2   | Killed a cane toad
 14169 | Lair:2   | Reached skill level 11 in Spellcasting
 14169 | Lair:2   | Reached XP level 11. HP: 44/51 MP: 25/27
 14347 | Lair:2   | Learned a level 1 spell: Magic Dart
 14362 | Lair:2   | Reached skill level 5 in Air Magic
 14423 | Lair:2   | Reached skill level 10 in Stealth
 14622 | Lair:2   | You fall into a shaft and drop 2 floors!
 14623 | Lair:4   | Noticed a seven-headed hydra
 14637 | Lair:4   | Noticed an eight-headed hydra
 14644 | Lair:4   | Killed an eight-headed hydra
 14675 | Lair:3   | Found a staircase to the Shoals.
 14754 | Lair:3   | Found a staircase to the Snake Pit.
 14808 | Lair:3   | Learned a level 4 spell: Olgreb's Toxic Radiance
 14837 | Lair:3   | Noticed an eight-headed hydra
 15726 | Lair:3   | Reached skill level 12 in Spellcasting
 16013 | Lair:3   | Identified a scroll of acquirement
 16013 | Lair:3   | Acquired the amulet "Itivoenu" {RegenMP rF+}
 16042 | Lair:3   | Reached XP level 12. HP: 56/56 MP: 20/29
 16448 | Lair:3   | Noticed a five-headed hydra
 16460 | Lair:3   | Killed a five-headed hydra
 16461 | Lair:3   | Reached skill level 13 in Spellcasting
 16573 | Lair:3   | Noticed a boulder beetle
 16599 | Lair:3   | Noticed a five-headed hydra
 16611 | Lair:3   | Noticed a six-headed hydra
 16901 | Lair:3   | Noticed a dire elephant
 16926 | Lair:3   | Killed a dire elephant
 17071 | Lair:3   | Killed an eight-headed hydra
 17301 | Lair:3   | Killed a five-headed hydra
 17302 | Lair:3   | Reached skill level 14 in Spellcasting
 17748 | Lair:3   | Reached skill level 1 in Conjurations
 18056 | Lair:3   | Killed a six-headed hydra
 18063 | Lair:3   | Killed a boulder beetle
 18499 | Lair:4   | Killed a seven-headed hydra
 18966 | Lair:4   | Reached XP level 13. HP: 59/59 MP: 32/32
 19642 | Lair:5   | Reached skill level 15 in Spellcasting
 19811 | Lair:3   | Bought the ring "Quvy" {Fire rElec rN+ Dex+4} for 825 gold
                  | pieces
 21432 | Lair:6   | Entered Level 6 of the Lair of Beasts
 21616 | Lair:6   | Found a gate leading to a gauntlet.
 21625 | Gauntlet | Entered a Gauntlet
 21625 | Gauntlet | Found a transporter.
 21629 | Gauntlet | Found a transporter.
 21718 | Gauntlet | Found a runed translucent door.
 21727 | Gauntlet | Found a transporter.
 21729 | Gauntlet | Found a runed translucent door.
 21736 | Gauntlet | Found a transporter.
 21736 | Gauntlet | Found a transporter.
 21738 | Gauntlet | Found a transporter.
 21744 | Gauntlet | Noticed a quicksilver ooze
 21747 | Gauntlet | Identified the ring of Gaalur {EV+4 Str+6 Dex+2}
 21795 | Gauntlet | Noticed a blizzard demon
 21795 | Gauntlet | Found a transporter.
 21795 | Gauntlet | Found a transporter.
 21795 | Gauntlet | Found a transporter.
 21820 | Gauntlet | Found a transporter.
 21824 | Gauntlet | Reached skill level 16 in Spellcasting
 21928 | Gauntlet | Identified the +9 scythe of Tuefoa {freeze, Will+}
 21928 | Gauntlet | Identified the ring of Ascent {rC+ rCorr}
 21928 | Gauntlet | Noticed a minotaur
 22205 | Gauntlet | Killed a minotaur
 22253 | Gauntlet | Got the Disquisition on Creative Evil
 22257 | Gauntlet | Identified the ring of the Priest {rCorr Str+4 Dex+3
                  | Stlth-}
 22384 | Lair:6   | Found an iron altar of Okawaru.
 22495 | Lair:6   | Found a staircase to the Slime Pits.
 22497 | Lair:6   | Found a viscous altar of Jiyva.
 22579 | Lair:6   | Reached XP level 14. HP: 39/63 MP: 28/35
 23432 | Lair:6   | Identified the +2 robe "Zesatua" {rC+ Regen+ MP+9}
 23501 | Lair:6   | Reached skill level 17 in Spellcasting
 24019 | Lair:6   | Reached skill level 15 in Transmutations
 24435 | Lair:6   | Bought the ring of Wishful Thinking {rElec rPois rF+ Str+4}
                  | for 567 gold pieces
 25002 | Lair:6   | Bought the ring "Piefreap" {Fly rElec rC+ rN+ Str+3} for
                  | 539 gold pieces
 25632 | D:10     | Entered Level 10 of the Dungeon
 25857 | D:10     | Noticed Josephine
 25871 | D:10     | Killed Josephine
 26069 | D:10     | Found a staircase to the Orcish Mines.
 26361 | D:10     | Found a white marble altar of Elyvilon.
 26489 | Orc:1    | Entered Level 1 of the Orcish Mines
 26492 | Orc:1    | Reached skill level 18 in Spellcasting
 26506 | Orc:1    | Found Hutuvor's Armour Emporium.
 26575 | Orc:1    | Bought the +2 robe of Xevumioph {rN+ Dex+5} for 388 gold
                  | pieces
 26730 | Orc:1    | Reached skill level 10 in Short Blades
 26894 | Orc:1    | Found Kinen's Antique Armour Emporium.
 26948 | Orc:1    | Bought an ominously black robe for 131 gold pieces
 26948 | Orc:1    | Identified the +0 robe of Gehenna {*Slow rF+ Will+ MP+9}
                  | (You bought it in a shop on level 1 of the Orcish Mines)
 27228 | Orc:2    | Entered Level 2 of the Orcish Mines
 27236 | Orc:2    | Noticed Sonja
 27253 | Orc:2    | Killed Sonja
 27433 | Orc:2    | Noticed Urug
 27442 | Orc:2    | Killed Urug
 27642 | Orc:2    | Reached XP level 15. HP: 68/68 MP: 38/38
 27824 | Orc:2    | Noticed an orc warlord
 27841 | Orc:2    | Killed an orc warlord
 27902 | Orc:2    | Found Jonoh's Magic Scroll Boutique.
 27951 | Orc:2    | Found Towk's Antique Weapon Emporium.
 27979 | Orc:2    | Found Nepy's Antique Armour Shoppe.
 28201 | Orc:2    | Found a shimmering blue altar of Sif Muna.
 28344 | Orc:2    | Found a staircase to the Elven Halls.
 28531 | Orc:2    | Found Zuisiub's Jewellery Shop.
 28817 | Orc:1    | Found Ladoel's Magic Scroll Boutique.
 28830 | Orc:1    | Bought a scroll of acquirement for 728 gold pieces
 28830 | Orc:1    | Acquired Great Wizards, Vol. II
 28838 | Orc:1    | Learned a level 5 spell: Alistair's Intoxication
 28841 | Orc:1    | Learned a level 2 spell: Corpse Rot
 28848 | Orc:1    | Learned a level 6 spell: Eringya's Noxious Bog
 29063 | Elf:1    | Entered Level 1 of the Elven Halls
 29585 | Elf:1    | Reached skill level 19 in Spellcasting
 29666 | Elf:1    | Noticed a deep elf sorcerer
 29688 | Elf:1    | Killed from afar by a deep elf sorcerer

Illustrated notes

Levels and vault maps discovered:
D:1:      minmay_arrival_arboretum_small, layout_loops_corners
D:2:      layout_basic, basic_altar, chequers_ecumenical_altar_twisty
D:3:      layout_basic, serial_shops, nicolae_shop_statue_plus,
          grunt_ministairs_8, st_stairs_4, uniq_robin
D:4:      layout_basic, grunt_temple_overflow_open, mainiacjoe_overflow_catwalk,
          gup_sewer_entry_glass, uniq_menkaure, uniq_blork_the_orc
D:5:      layout_basic, temple_hall, gammafunk_ghost_mausoleum, uniq_duvessa,
          uniq_edmund
D:6:      layout_rooms, minmay_shop_grid_forest, kennysheep_another_room
D:7:      layout_rooms, mainiacjoe_overflow_24_doors, lemuel_crystal_altar,
          gammafunk_ghost_smash, uniq_harold, uniq_prince_ribbit1,
          uniq_crazy_yiuf_cottage
D:8:      layout_loops_corners, lair_entry_dummy, uniq_psyche
D:9:      layout_cave_pods, blue_anna_alchemist
D:10:     layout_rooms, kennysheep_mini_moat, minmay_orc_entry_guard_dogs,
          uniq_josephine
Lair:1:   layout_cave_pods
Lair:2:   layout_hall_layers, amcnicky_altar_lugonu_corruption,
          grunt_megastairs_5, lemuel_fruit_tree
Lair:3:   mu_elephants_graveyard, layout_small_grid, elwin_shoals_entry_rocks,
          guppyfry_snake_entry_garden, chequers_serial_rivers_micro_b,
          nzn_random_ring
Lair:4:   layout_cave_pods, serial_bayou_shore_b
Lair:5:   layout_regular_city, chequers_serial_rivers_large_b,
          lemuel_fruit_fields, grunt_megastairs_2
Lair:6:   minmay_lair_end_enchanted_forest, layout_hall_layers, slime_altar_1,
          basic_altar, gauntlet_entry_generic, serial_bayou_pond_d,
          lemuel_old_faithful, lemuel_fruit_fields, grunt_megastairs_3
Orc:1:    layout_caves, serial_shops, shop, nicolae_shop_crystal, shop_fountains
Orc:2:    grunt_orc_community_town_hall, layout_caves,
          grunt_orc_community_big_house_1, grunt_orc_community_big_house_2,
          grunt_orc_community_house_1, grunt_orc_community_house_3,
          grunt_orc_community_house_1, grunt_orc_community_house_1,
          grunt_orc_community_house_2, kennysheep_orc_sif_temple, uniq_sonja,
          uniq_urug
Elf:1:    eino_elf_arrival_customs, layout_loops_corners,
          ebering_ghost_reflecting_pool, kennysheep_underground_church

Skill      XL: |  1  2  3  4  5  6  7  8  9 10 11 12 13 14 15 |
---------------+----------------------------------------------+-----
Spellcasting   | 3 4 5 6 7 9 11 12 14 16 18 19 | 19.0
Transmutations | 2 3 4 5 7 8 10 11 12 14 15 16 | 16.1
Dodging        | 3 4 5 6 7 8 9 |  9.0
Poison Magic   | 4 5 7 |  7.2
Short Blades   | 1 2 3 5 6 8 9 10 | 10.0
Air Magic      | 1 2 4 5 6 |  6.4
Earth Magic    | 1 |  1.0
Stealth        | 5 6 7 9 10 11 12 13 | 13.0
Fighting       | 1 2 3 |  3.0
Fire Magic     | 1 |  1.0
Conjurations   | 1 2 |  2.0
Shields        | |  0.3

Action                   |  1- 3 |  4- 6 |  7- 9 | 10-12 | 13-15 || total
-------------------------+-------+-------+-------+-------+-------++-------
Melee: Short sword       |    59 |    73 |       |       |       ||   132
       Dagger            |     4 |    26 |   149 |   399 |   567 ||  1145
 Cast: Sting             |    78 |   110 |    46 |    15 |       ||   249
       Poisonous Vapours |    10 |    46 |    53 |    28 |     7 ||   144
       Mephitic Cloud    |       |     3 |       |    16 |    41 ||    60
       Passwall          |       |       |     3 |     8 |    17 ||    28
       Sandblast         |       |       |    16 |    13 |       ||    29
       Olgreb's Toxic Ra |       |       |       |    50 |   155 ||   205
       Magic Dart        |       |       |       |    15 |    22 ||    37
       Ignite Poison     |       |       |       |    31 |   122 ||   153
Invok: Call Merchant     |       |       |       |     2 |     2 ||     4
  Use: Scroll            |     1 |     7 |    10 |     7 |     7 ||    32
       Potion            |       |       |     2 |       |     1 ||     3
 Stab: Sleeping          |     4 |     7 |    15 |    10 |    22 ||    58
       Confused          |       |     2 |       |     3 |     8 ||    13
       Distracted        |       |       |     1 |     5 |     5 ||    11
Armor: Robe              |     6 |    15 |    13 |    41 |    41 ||   116
Dodge: Dodged            |    65 |    79 |    99 |   247 |   317 ||   807
Block: Other             |       |       |       |    10 |       ||    10
       Buckler           |       |       |       |       |    17 ||    17
